Map: Magannatha LE

Players

ShoWTimE

  • Race: Protoss Protoss
  • Spawn Location: 11:00

SHIN - Winner!

  • Race: Zerg Zerg
  • Spawn Location: 5:00

Event: DreamHack Dallas 2025

VOD

Have the link to the VOD?

Description

Time

  • Played on: May 24, 2025, 4:19 p.m.
  • Length: 10:04

All games in this series

Show
View Real Time Build Order
Export as new Build Order

ShoWTimE Protoss 

Build Orders: 1 Gate Expand, Oracle Opening 

Get SALT Encoding   

  12  0:00  Probe  
  13  0:12  Probe  
  14  0:19  Pylon  
  14  0:24  Probe  
  15  0:33  Probe  
  15  0:39  Gateway  
  15  0:41  Probe  
  16  0:49  Assimilator  
  17  0:51  Probe  
  18  1:03  Probe  
  19  1:15  Probe  
  20  1:25  Nexus  
  20  1:35  Cybernetics Core  
  20  1:37  Probe  
  21  1:43  Assimilator  
  21  1:49  Probe  
  21  1:52  Pylon  
  22  2:01  Probe, Adept  
  23  2:13  Probe  
  26  2:21  Adept  
  26  2:24  Stargate  
  26  2:26  Probe  
  27  2:33  Probe  
  27  2:35  Warp Gate  
  29  2:38  Probe  
  29  2:41  Probe  
  31  2:50  Probe, Adept  
  35  2:52  Probe  
  36  3:00  Oracle  
  36  3:02  Probe  
  36  3:03  Pylon  
  36  3:04  Probe  
  41  3:14  Probe  
  41  3:16  Probe  
  43  3:20  Adept  
  43  3:26  Probe  
  46  3:28  Probe  
  47  3:35  Oracle  
  47  3:38  Probe  
  47  3:41  Probe  
  48  3:50  Probe  
  48  3:53  Probe  
  48  3:54  Pylon  
  50  3:56  Nexus  
  51  4:02  Probe  
  51  4:03  Oracle  
  51  4:04  Gateway  
  51  4:11  Probe  
  51  4:13  Assimilator  
  51  4:14  Pylon  
  56  4:17  Probe  
  56  4:19  Assimilator  
  56  4:23  Probe  
  56  4:24  Adept  
  59  4:28  Pylon  
  59  4:29  Probe  
  60  4:35  Probe  
  61  4:41  Forge, Probe  
  61  4:42  Twilight Council  
  62  4:48  Probe  
  63  4:53  Probe, Adept  
  63  4:57  Gateway  
  63  4:59  Blink, Stalker  
  66  5:00  Probe  
  66  5:05  Probe  
  68  5:09  Probe  
  68  5:12  Probe  
  68  5:17  Probe, Protoss Ground Weapons Level 1  
  68  5:20  Probe  
  69  5:22  Probe  
  69  5:26  Shield Battery  
  69  5:27  Stalker  
  69  5:28  Probe  
  73  5:29  Probe  
  73  5:30  Probe  
  76  5:36  Probe  
  76  5:38  Probe  
  76  5:41  Probe  
  79  5:43  Stalker  
  79  5:48  Probe  
  79  5:49  Pylon  
  82  5:50  Probe, Assimilator  
  82  5:52  Gateway  
  82  5:53  Probe  
  82  5:54  Assimilator  
  84  6:00  Probe  
  84  6:02  Probe  
  84  6:03  Templar Archives  
  86  6:04  Stalker  
  86  6:06  Probe  
  86  6:07  Stalker x2  
  86  6:10  Photon Cannon  
  93  6:12  Pylon  
  93  6:22  Gateway  
  93  6:23  Gateway  
  93  6:29  Pylon  
  93  6:30  Shield Battery  
  93  6:33  Stalker x2  
  93  6:35  Stalker  
  99  6:42  Photon Cannon  
  99  6:43  Psionic Storm, Gateway x2  
  99  6:48  Forge  
  99  6:51  Stalker  
  101  7:00  Stalker x3  
  107  7:05  Charge  
  107  7:13  Pylon  
  107  7:15  Stalker  
  109  7:18  Protoss Ground Armor Level 1, Stalker x2, Protoss Ground Weapons Level 2  
  113  7:25  High Templar  
  113  7:29  Pylon  
  103  7:48  High Templar x3  
  103  7:49  Zealot x3  
  115  7:54  Probe  
  108  7:58  Zealot  
  110  8:09  Nexus  
  110  8:11  Pylon, Gateway  
  110  8:12  Stalker x3  
  116  8:15  Gateway  
  116  8:16  Gateway  
  116  8:17  Probe x2  
  116  8:18  Probe  
  116  8:19  Robotics Facility  
  119  8:25  Fleet Beacon  
  119  8:26  Stargate  
  119  8:30  Probe x2  
  119  8:33  High Templar  
  120  8:45  Photon Cannon, Zealot x2  
  120  8:46  Photon Cannon, Zealot x4  
  130  9:07  High Templar x3, Photon Cannon  
  130  9:08  High Templar, Zealot  
  140  9:12  Archon  
  140  9:13  Archon  
  136  9:19  Pylon  
  136  9:20  Assimilator  
  136  9:21  Probe  
  136  9:22  Probe x3  
  140  9:26  Gateway  
  140  9:27  Gateway  
  140  9:29  Zealot x2  
  140  9:35  Archon  
  140  9:36  High Templar  
  126  9:40  Assimilator  
  126  9:45  Assimilator  
  131  9:51  Zealot x6  
  122  9:56  Archon  
Show
View Real Time Build Order
Export as new Build Order

SHIN Zerg - Winner!

Build Orders: Hatch First 

Get SALT Encoding   

  12  0:00  Drone  
  13  0:08  Drone  
  14  0:15  Drone, Extractor  
  15  0:21  Overlord  
  15  0:39  Drone  
  15  0:40  Drone  
  17  0:48  Hatchery  
  16  0:52  Drone  
  16  0:55  Drone  
  18  1:06  Extractor  
  18  1:09  Spawning Pool  
  16  1:13  Drone  
  16  1:16  Drone  
  18  1:26  Drone  
  19  1:38  Drone  
  20  1:49  Drone  
  21  1:59  Queen  
  21  2:00  Queen  
  26  2:01  Zergling x4  
  27  2:10  Overlord  
  27  2:12  Drone  
  27  2:14  Metabolic Boost  
  28  2:29  Drone x2  
  30  2:30  Drone  
  30  2:33  Drone  
  30  2:36  Queen  
  34  2:45  Hatchery  
  34  2:47  Zergling x2  
  34  2:49  Zergling x2  
  35  2:54  Overlord  
  35  2:57  Zergling x2  
  36  3:13  Drone x8  
  44  3:22  Overlord  
  44  3:24  Drone  
  43  3:31  Drone  
  43  3:32  Spore Crawler  
  43  3:33  Drone  
  41  3:42  Drone  
  41  3:45  Drone x7  
  48  3:51  Queen  
  50  3:56  Drone  
  50  3:57  Drone x2  
  53  4:02  Spore Crawler  
  53  4:03  Spore Crawler  
  53  4:09  Drone  
  54  4:10  Drone x2  
  54  4:13  Queen  
  56  4:18  Drone, Overlord  
  56  4:22  Drone, Evolution Chamber  
  57  4:27  Overlord  
  57  4:29  Overlord  
  57  4:32  Overlord  
  57  4:38  Zergling x10  
  62  4:40  Drone  
  62  4:44  Drone  
  63  4:47  Drone x5  
  63  4:48  Drone  
  63  4:50  Drone  
  68  4:54  Zerg Melee Weapons Level 1  
  68  4:56  Drone  
  68  4:57  Drone  
  70  5:00  Drone  
  70  5:03  Drone  
  70  5:04  Drone  
  70  5:05  Drone  
  70  5:06  Drone x2  
  75  5:07  Extractor x2  
  75  5:10  Lair  
  75  5:12  Drone x2  
  75  5:13  Drone  
  76  5:14  Drone  
  76  5:17  Drone x2  
  76  5:19  Drone x2  
  76  5:20  Drone  
  80  5:22  Drone  
  80  5:27  Hatchery  
  80  5:30  Queen  
  80  5:35  Extractor  
  81  5:36  Extractor  
  81  5:40  Overlord  
  79  5:43  Zergling x8  
  79  5:46  Zergling x2  
  79  5:49  Overlord  
  81  5:59  Zergling x10  
  81  6:00  Zergling x6  
  81  6:03  Overlord  
  89  6:08  Hydralisk Den  
  89  6:10  Drone x3  
  92  6:11  Zergling x8  
  92  6:16  Zergling x2  
  96  6:20  Zergling x2  
  96  6:22  Overlord  
  96  6:23  Overlord x3  
  96  6:25  Drone  
  98  6:34  Drone x2  
  98  6:35  Drone  
  98  6:37  Hydralisk, Grooved Spines  
  98  6:38  Hydralisk  
  104  6:40  Hydralisk x3  
  104  6:43  Hydralisk x3  
  116  6:48  Drone x2, Zerg Missile Weapons Level 1  
  116  6:49  Drone x2  
  116  6:51  Extractor  
  116  6:52  Drone x2  
  121  6:55  Drone  
  121  6:59  Hydralisk x2  
  126  7:02  Hydralisk  
  126  7:06  Drone  
  126  7:07  Drone x3  
  131  7:09  Hydralisk x3  
  131  7:10  Hydralisk  
  138  7:19  Baneling Nest  
  138  7:20  Zergling x14  
  141  7:25  Zergling x8  
  141  7:27  Muscular Augments  
  144  7:37  Hydralisk, Zergling x4  
  138  7:38  Zergling x4  
  138  7:43  Hydralisk  
  143  7:44  Zergling x2  
  143  7:46  Overlord x7  
  143  7:49  Drone  
  143  7:54  Spore Crawler  
  143  7:57  Drone x2  
  144  8:01  Overlord  
  143  8:05  Drone x2  
  143  8:06  Drone x4  
  143  8:07  Drone x4  
  143  8:12  Hydralisk, Centrifugal Hooks  
  155  8:15  Hydralisk x2  
  155  8:16  Extractor  
  155  8:18  Hatchery  
  155  8:19  Hydralisk  
  157  8:20  Zergling x2  
  157  8:25  Zergling x10  
  165  8:29  Zergling x4  
  166  8:35  Baneling x9  
  166  8:36  Baneling x2  
  166  8:40  Zergling x12  
  171  8:45  Zergling x16  
  171  8:47  Baneling x8  
  171  8:48  Baneling  
  179  8:52  Zergling x4  
  179  8:55  Hydralisk  
  178  8:58  Hydralisk x3  
  178  9:01  Baneling x13  
  185  9:05  Zergling x8  
  185  9:07  Zergling x2  
  190  9:10  Zergling x8  
  190  9:12  Zergling x6  
  190  9:15  Zergling x2  
  190  9:16  Baneling  
  194  9:17  Baneling x10  
  193  9:28  Zergling x4  
  193  9:29  Zergling x2  
  193  9:30  Zergling x4  
  186  9:32  Zergling x8  
  186  9:34  Zergling x2  
  186  9:36  Hydralisk, Zergling x2  
  185  9:39  Baneling x22  
  185  9:40  Baneling  
  185  9:43  Zergling x2  
  185  9:44  Zergling x14  
Tags
 
Add a new tag
Caveats
  • Supply blocks, unpowered buildings, or Contaminate may cause inaccurate times.
  • Supply counts are checked every 10 seconds.